 Seeded DCSS version 0.28-a0-1033-g1a2f33fa85 (webtiles) character file.

Game seed: 3527403583651477610 (custom seed)

235 croobank the Digger (level 6, -3/44 HPs)
             Began as a Gnoll Earth Elementalist on Dec 7, 2021.
             Killed by nerve-wracking pain
             ... invoked by Grinder
              (13 damage)
             ... on level 3 of the Dungeon.
             The game lasted 00:23:32 (4230 turns).

croobank the Digger (Gnoll Earth Elementalist)      Turns: 4230, Time: 00:23:33

Health: -3/44      AC:  3    Str: 10    XL:     6   Next: 6%
Magic:  13/13      EV: 13    Int: 14    God:
Gold:   80         SH:  0    Dex: 12    Spells: 11/15 levels left

rFire   + . .      SeeInvis .   a - +2 dagger (venom)
rCold   + . .      Faith    .   (no shield)
rNeg    . . .      Spirit   .   d - +0 leather armour
rPois   +          Reflect  .   (no helmet)
rElec   +          Harm     .   (no cloak)
rCorr   +          Rampage  .   (no gloves)
Will    .....                   (no boots)
Stlth   ++........              (no amulet)
HPRegen 0.14/turn               (no ring)
MPRegen 0.13/turn               (no ring)

@: about to teleport, resistant
A: fangs 1, strong nose, distributed training
a: no special abilities


You were on level 3 of the Dungeon.
You visited 1 branch of the dungeon, and saw 3 of its levels.

You collected 144 gold pieces.
You spent 64 gold pieces at shops.

Inventory:

Hand Weapons
 a - a +2 dagger of venom (weapon)
 b - a +0 hunting sling
 k - a +0 halberd
 q - a +0 falchion
 u - a +0 short sword
Missiles
 c - 51 stones
 i - 9 sling bullets
 l - 8 arrows
 n - 9 javelins
Armour
 d - a +0 leather armour (worn)
 e - a +0 plate armour
 m - a +0 robe
 p - a +0 cloak
Magical Staves
 h - a staff of conjuration
Jewellery
 w - a ring of protection from cold
Scrolls
 f - 2 scrolls of fog {fog, unknown}
 g - a scroll of immolation {immolation, unknown}
 j - 2 scrolls of identify {identify, unknown}
 o - a scroll of amnesia {amnesia, unknown}
 v - a scroll of noise {unknown}
Potions
 t - a potion of attraction {attraction, unknown}


   Skills:
 + Level 1.8 Fighting
 + Level 1.8 Short Blades
 + Level 1.8 Long Blades
 + Level 1.8 Axes
 + Level 1.8 Maces & Flails
 + Level 1.8 Polearms
 + Level 1.8 Staves
 + Level 1.8 Slings
 + Level 1.8 Bows
 + Level 1.8 Crossbows
 + Level 1.8 Throwing
 + Level 1.8 Armour
 + Level 4.9 Dodging
 + Level 4.5 Stealth
 + Level 1.8 Shields
 + Level 1.8 Unarmed Combat
 + Level 5.3 Spellcasting
 + Level 1.4 Conjurations
 + Level 1.4 Hexes
 + Level 1.4 Summonings
 + Level 1.4 Necromancy
 + Level 1.4 Translocations
 + Level 2.5 Transmutations
 + Level 1.4 Fire Magic
 + Level 1.4 Ice Magic
 + Level 1.4 Air Magic
 + Level 5.6 Earth Magic
 + Level 1.4 Poison Magic
 + Level 2.0 Invocations
 + Level 1.8 Evocations


You had 11 spell levels left.
You knew the following spells:

 Your Spells              Type           Power      Damage    Failure   Level
a - Sandblast             Erth           38%        2d10      2%          1
b - Stone Arrow           Conj/Erth      26%        3d8       16%         3

Your spell library contained the following spells:

 Spells                   Type           Power      Damage    Failure   Level
 Passwall                 Tmut/Erth      12%        N/A       6%          2
 Tukima's Dance           Hex            7%         N/A       36%         3
 Petrify                  Tmut/Erth      15%        N/A       38%         4
 Passage of Golubria      Tloc           7%         N/A       77%         4
 Yara's Violent Unravell  Hex/Tmut       4%         3d4       95%         5


Dungeon Overview and Level Annotations

Branches:
Dungeon (3/15)

Altars:
Dithmenos

Shops:
D:1 *

Annotations:
D:3 3 runed translucent doors, Grinder; croobank's ghost, weakling GnMo


Innate Abilities, Weirdness & Mutations

You have very sharp teeth.
Your uncanny sense of smell can sniff out nearby items.
Your experience applies equally to all skills.


Message History

You see here a sling bullet.
You closely miss Grinder.
Grinder is lightly wounded.
Grinder says, "Wait up."
Grinder blinks!
Grinder gestures at you. Pain shoots through your body!
You see here a sling bullet.
Grinder gestures at you. You resist with significant effort.
You hit Grinder.
Grinder is poisoned.
Grinder is lightly wounded.
Grinder hits you.
You barely miss Grinder.
Grinder is lightly wounded.
Grinder hits you!
You writhe in agony.
* * * LOW HITPOINT WARNING * * *
You closely miss Grinder.
Grinder is moderately wounded.
Grinder barely misses you.
You hit Grinder.
Grinder is moderately wounded.
Grinder hits you.
* * * LOW HITPOINT WARNING * * *
You writhe in agony.
* * * LOW HITPOINT WARNING * * *
Okay, then.
Okay, then.
Sorry, you're not good enough to have a special ability.
Unknown command.
Unknown command.
As you read the scroll labelled OHORATEUKH {teleportation}, it crumbles to dust.
You feel strangely unstable.
It was a scroll of teleportation {teleportation}.
Grinder closely misses you. Grinder gestures at you.
You resist with significant effort. Grinder gestures at you.
Pain shoots through your body!
You die...

###### #....#
#######....##
#........(..#
#...?.......#
#...........# #
#.......(...# ####
#.^.5..@....## #...
#.....(......#
#####...
#.###.######.#
#....... #∆ #.####
#.####.###.).
#.###...<#
#............
#......###
#............
######.#
#..#########.
#.#####..#.......#.
#........#..#.#..#.


You could see Grinder (very poisoned).

Vanquished Creatures
  A hound (D:3)
  Terence (D:3)
  Natasha (thrice) (D:2)
  4 gnolls
  A worm (D:2)
  2 dart slugs (D:1)
  An orc (D:3)
  3 endoplasms
  3 giant cockroaches
  6 goblins
  6 hobgoblins
  3 jackals (D:1)
  6 kobolds
  4 quokkas
  4 ball pythons
  7 bats
  A frilled lizard (D:1)
  7 rats
63 creatures vanquished.

Notes
Turn   | Place    | Note
-------+----------+-------------------------------------------
     0 | D:1      | croobank the Gnoll Earth Elementalist began the quest for
                  | the Orb.
     0 | D:1      | Reached XP level 1. HP: 13/13 MP: 6/6
   164 | D:2      | Found a shadowy altar of Dithmenos.
   356 | D:2      | Reached XP level 2. HP: 16/19 MP: 5/7
   840 | D:1      | Reached XP level 3. HP: 25/25 MP: 3/9
   909 | D:1      | Reached skill level 5 in Spellcasting
  1099 | D:1      | Found Eheaneh's General Store.
  1118 | D:1      | Bought 21 stones for 23 gold pieces
  1118 | D:1      | Bought a +0 hunting sling for 16 gold pieces
  1118 | D:1      | Bought 23 stones for 25 gold pieces
  1254 | D:1      | Reached skill level 1 in Invocations
  2168 | D:3      | Noticed croobank's ghost (weakling GnMo)
  2168 | D:3      | Noticed a scorpion
  2179 | D:3      | Noticed Natasha
  2179 | D:3      | Noticed Grinder
  2210 | D:2      | Killed Natasha
  2211 | D:2      | Reached skill level 1 in Fighting
  2211 | D:2      | Reached skill level 1 in Short Blades
  2211 | D:2      | Reached skill level 1 in Long Blades
  2211 | D:2      | Reached skill level 1 in Axes
  2211 | D:2      | Reached skill level 1 in Maces & Flails
  2211 | D:2      | Reached skill level 1 in Polearms
  2211 | D:2      | Reached skill level 1 in Staves
  2211 | D:2      | Reached skill level 1 in Slings
  2211 | D:2      | Reached skill level 1 in Bows
  2211 | D:2      | Reached skill level 1 in Crossbows
  2211 | D:2      | Reached skill level 1 in Throwing
  2211 | D:2      | Reached skill level 1 in Armour
  2211 | D:2      | Reached skill level 1 in Shields
  2211 | D:2      | Reached skill level 1 in Unarmed Combat
  2211 | D:2      | Reached skill level 1 in Evocations
  2211 | D:2      | Reached XP level 4. HP: 23/32 MP: 2/11
  2808 | D:2      | Noticed Natasha
  2833 | D:2      | Killed Natasha
  2834 | D:2      | Reached skill level 1 in Conjurations
  2834 | D:2      | Reached skill level 1 in Hexes
  2834 | D:2      | Reached skill level 1 in Summonings
  2834 | D:2      | Reached skill level 1 in Necromancy
  2834 | D:2      | Reached skill level 1 in Translocations
  2834 | D:2      | Reached skill level 1 in Fire Magic
  2834 | D:2      | Reached skill level 1 in Ice Magic
  2834 | D:2      | Reached skill level 1 in Air Magic
  2834 | D:2      | Reached skill level 1 in Poison Magic
  3109 | D:2      | Reached XP level 5. HP: 17/37 MP: 7/12
  3311 | D:2      | Noticed Natasha
  3323 | D:2      | Killed Natasha
  3769 | D:3      | Noticed Terence
  3787 | D:3      | Killed Terence
  4037 | D:3      | Learned a level 3 spell: Stone Arrow
  4088 | D:3      | Reached XP level 6. HP: 38/44 MP: 13/13
  4142 | D:3      | Found a runed translucent gate.
  4147 | D:3      | Found a runed translucent gate.
  4147 | D:3      | Found a runed translucent gate.
  4210 | D:3      | Paralysed by Grinder for 7 turns
  4230 | D:3      | Killed from afar by Grinder

Illustrated notes

Levels and vault maps discovered:
D:1:      dpeg_arrival_chambers_temple_mockup, layout_loops_ring, serial_shops,
          shop_fountains
D:2:      mumra_celtic_spiral_tile, layout_basic, basic_altar
D:3:      layout_basic, hellmonk_ecumenical_altar_crossroads,
          gammafunk_ghost_split, uniq_terence, uniq_natasha, uniq_grinder

Skill      XL: |  1  2  3  4  5 |
---------------+----------------+-----
Transmutations | 2 |  2.5
Spellcasting   | 5 |  5.3
Invocations    | 1 2 |  2.0
Fighting       | 1 |  1.8
Short Blades   | 1 |  1.8
Long Blades    | 1 |  1.8
Axes           | 1 |  1.8
Maces & Flails | 1 |  1.8
Polearms       | 1 |  1.8
Staves         | 1 |  1.8
Slings         | 1 |  1.8
Bows           | 1 |  1.8
Crossbows      | 1 |  1.8
Throwing       | 1 |  1.8
Armour         | 1 |  1.8
Shields        | 1 |  1.8
Unarmed Combat | 1 |  1.8
Evocations     | 1 |  1.8
Conjurations   | 1 |  1.4
Hexes          | 1 |  1.4
Summonings     | 1 |  1.4
Necromancy     | 1 |  1.4
Translocations | 1 |  1.4
Fire Magic     | 1 |  1.4
Ice Magic      | 1 |  1.4
Air Magic      | 1 |  1.4
Poison Magic   | 1 |  1.4
Dodging        | |  4.9
Stealth        | |  4.5
Earth Magic    | |  5.6

Action                   |  1- 3 |  4- 6 || total
-------------------------+-------+-------++-------
Melee: Falchion          |    64 |     7 ||    71
       Unarmed           |     3 |       ||     3
       Bite              |     3 |     4 ||     7
       Dagger            |       |    62 ||    62
       Punch             |       |     1 ||     1
 Fire: Hunting sling     |     3 |    17 ||    20
 Cast: Sandblast         |    42 |    20 ||    62
  Use: Potion            |       |     3 ||     3
       Scroll            |       |     1 ||     1
 Stab: Sleeping          |     5 |     1 ||     6
Armor: Leather armour    |    19 |    13 ||    32
Dodge: Dodged            |    69 |    44 ||   113

Table legend: (Time is in decaauts)
 A = Elapsed time spent in this place.
 B = Non-inter-level travel time spent in this place.
 C = Inter-level travel time spent in this place.
 D = Time resting spent in this place.
 E = Time spent auto-exploring this place.
 F = Levels seen in this place.
 G = Mean time per level.
                   A        B        C        D        E       F      G
               +--------+--------+--------+--------+--------+-----+--------+
         Total |   4251 |   4204 |     47 |    984 |   1918 |   3 | 1417.0 |
       Dungeon |   4251 |   4204 |     47 |    984 |   1918 |   3 | 1417.0 |
               +--------+--------+--------+--------+--------+-----+--------+

Top non-repeatable levels by time:
     D:2: 1857 daAuts
     D:1: 1516 daAuts
     D:3: 877 daAuts
